 Dungeon Crawl Stone Soup version 0.30-a0-1094-g860fb061e7 (webtiles) character file.

Game seed: 1867628888619912611

493 lunkers the Carver (level 7, -3/57 HPs)
             Began as a Meteoran Fighter on Apr 17, 2023.
             Was an Initiate of Gozag.
             Killed by divine providence
             ... invoked by an orc priest
              (14 damage)
             ... on level 4 of the Dungeon.
             The game lasted 00:05:36 (1339 turns).

lunkers the Carver (Meteoran Fighter)               Turns: 1339, Time: 00:05:37

Health: -3/57      AC: 13    Str: 23    XL:     7   Next: 65%
Magic:  8/8        EV:  9    Int:  9    God:    Gozag
Gold:   362        SH:  5    Dex: 16    Spells: 6/6 levels left

rFire   + + +      SeeInvis .    b - +2 dagger (venom)
rCold   + . .      Faith    .    c - +0 buckler
rNeg    . . .      Spirit   .    k - +5 scale mail of Beogh's Generosity {rF++ rC- Str+5}
rPois   +          Reflect  .    (no helmet)
rElec   +          Rampage  .    (no cloak)
rCorr   +                        (no gloves)
Will    .....                    n - +0 pair of boots Stlth
                                 (no amulet)
HPRegen 0.29/turn                j - ring of protection from cold
MPRegen 0.11/turn                (no ring)

@: resistant, gold aura, hasted, glowing, very quick
A: sense surroundings 1, otherworldly, glowing, explore regen
a: Renounce Religion, Potion Petition, Call Merchant, Bribe Branch


You were on level 4 of the Dungeon.
You worshipped Gozag.
Gozag was aware of your devotion.
You visited 1 branch of the dungeon, and saw 4 of its levels.

You collected 401 gold pieces.
You paid 39 gold pieces to Gozag.

Inventory:

Hand Weapons
 a - a +0 long sword
 b - a +2 dagger of venom (weapon)
Armour
 c - a +0 buckler (worn)
 k - the +5 scale mail of Beogh's Generosity (worn) {rF++ rC- Str+5}
   (You found it on level 2 of the Dungeon)

   Str:       It affects your strength (+5).
   rF:        It greatly protects you from fire.
   rC:        It makes you vulnerable to cold.
 n - a +0 pair of boots (worn)
 q - a +3 ring mail
Jewellery
 j - a ring of protection from cold (left hand)
Wands
 d - a wand of roots (9)
Scrolls
 f - a scroll of torment {unknown}
 h - 2 scrolls of identify {unknown}
 i - 2 scrolls of immolation {unknown}
 l - 3 scrolls of teleportation {unknown}
 m - a scroll of poison {unknown}
 r - 2 scrolls of fear {unknown}
Potions
 e - a potion of resistance
 g - a potion of haste
 o - 2 potions of lignification {unknown}
 p - a potion of attraction {unknown}


   Skills:
 - Level 3.2 Fighting
 * Level 1.1(5.2) Short Blades
 - Level 8.9(9.0) Long Blades
 - Level 3.6 Armour
 - Level 3.6 Shields


You had 6 spell levels left.
You didn't know any spells.
Your spell library contained the following spells:

 Spells                   Type           Power      Damage    Failure   Level
 Kiss of Death            Conj/Necr      0%         2d5       78%         1
 Sublimation of Blood     Necr           0%         N/A       89%         2
 Wereblood                Tmut           0%         N/A       89%         2
 Confusing Touch          Hex            0%         N/A       98%         3
 Dispel Undead            Necr           0%         3d6       100%        4
 Petrify                  Tmut/Erth      0%         N/A       100%        4
 Irradiate                Conj/Tmut      0%         3d11      100%        5
 Summon Hydra             Summ           0%         N/A       100%        7


Dungeon Overview and Level Annotations

Branches:
Dungeon (4/15) Zot: 1036
 Temple: D:4-7

Altars:
Gozag


Innate Abilities, Weirdness & Mutations

You passively map a small area around you.
You are easily found by Zot.
You glow in the dark.
You regain HP and MP as you explore.


Message History

Unknown command.
You barely miss the orc.
The orc is severely wounded.
Unknown command.
You hit the orc.
You kill the orc!
The orc priest hits you from afar with a +0 trident.
* * * LOW HITPOINT WARNING * * *
An orc priest comes into view. It is wielding a +0 club.
The orc priest shouts!
The orc priest hits you but does no damage.
Items here: ! $ ) [.
You hit the orc priest.
The orc priest is moderately wounded.
The orc priest hits you but does no damage.
Unknown command.
You hit the orc priest.
The orc priest is poisoned.
The orc priest is moderately wounded.
You block the orc priest's attack.
The orc priest invokes the aid of Beogh against you.
You resist with significant effort.
The orc priest hits you with a +0 trident.
* * * LOW HITPOINT WARNING * * *
Unknown command.
It was a potion of resistance.
You feel protected. The orc priest hits you with a +0 club.
* * * LOW HITPOINT WARNING * * *
The orc priest hits you with a +0 club.
* * * LOW HITPOINT WARNING * * *
You block the orc priest's attack.
Unknown command.
Unknown command.
It was a potion of haste.
You feel yourself speed up. You block the orc priest's attack.
The orc priest is distracted by your dazzling golden aura.
The orc priest calls down the wrath of Beogh upon you.
Beogh smites you!
You die...
Your body crumbles into a pile of gold.

*#.. #.. ###..*,* #.'. * *,
#.' , , #.#, , ###o## , ,,
* ###oo@.# , ** ###
##...o#### ** ##.#
####.##..##.# ,,#. #..##
#.##....$...####... *
#<.)####.....[)).)..)...##
....##.......#.##.........*
............######.o.....#
...........## ** #..o...#.
.......#....##............
, ,


You could see 3 orc priests and an orc.

Vanquished Creatures
  Grinder (D:3)
  Sigmund (D:2)
  Jessica (D:2)
  An orc wizard (D:4)
  3 adders
  An ufetubus (D:4)
  A worm (D:3)
  2 dart slugs (D:2)
  7 orcs
  6 bats
  3 endoplasms
  4 giant cockroaches
  2 goblins
  5 hobgoblins
  7 jackals
  2 quokkas
  2 ball pythons (D:1)
  3 frilled lizards
  5 kobolds
  2 rats
59 creatures vanquished.

Notes
Turn   | Place    | Note
-------+----------+-------------------------------------------
     0 | D:1      | lunkers the Meteoran Fighter began the quest for the Orb.
     0 | D:1      | Reached XP level 1. HP: 19/19 MP: 2/2
   218 | D:1      | Reached skill level 3 in Long Blades
   218 | D:1      | Reached XP level 2. HP: 26/26 MP: 3/3
   355 | D:1      | Reached XP level 3. HP: 30/31 MP: 4/4
   375 | D:1      | Reached skill level 4 in Long Blades
   433 | D:2      | Found an opulent altar of Gozag.
   504 | D:2      | Identified the +5 scale mail of Beogh's Generosity {rF++
                  | rC- Str+5}
   603 | D:2      | Became a worshipper of Gozag Ym Sagoz the Greedy
   660 | D:2      | Noticed Jessica
   664 | D:2      | Killed Jessica
   665 | D:2      | Reached XP level 4. HP: 38/38 MP: 5/5
   675 | D:2      | Reached skill level 5 in Long Blades
   731 | D:2      | Noticed Sigmund
   737 | D:2      | Killed Sigmund
   738 | D:2      | Reached skill level 7 in Long Blades
   738 | D:2      | Reached XP level 5. HP: 37/45 MP: 6/6
   738 | D:2      | Reached XP level 6. HP: 42/51 MP: 7/7
  1110 | D:3      | Noticed Grinder
  1120 | D:3      | Paralysed by Grinder for 2 turns
  1131 | D:3      | Paralysed by Grinder for 4 turns
  1138 | D:3      | Paralysed by Grinder for 2 turns
  1142 | D:3      | Paralysed by Grinder for 3 turns
  1151 | D:3      | Killed Grinder
  1152 | D:3      | Reached skill level 8 in Long Blades
  1152 | D:3      | Reached XP level 7. HP: 15/57 MP: 8/8
  1331 | D:4      | Reached skill level 1 in Short Blades
  1339 | D:4      | Killed from afar by an orc priest

Illustrated notes

Levels and vault maps discovered:
D:1:      scummos_arrival_forest, layout_loops_corners, corner_web_ring,
          serial_bayou_pond_d
D:2:      layout_loops_ring, basic_altar, uniq_sigmund, uniq_jessica
D:3:      layout_basic, mainiacjoe_overflow_tiny_flanked, nrook_campfire,
          uniq_grinder
D:4:      layout_cave_pools, mainiacjoe_overflow_small_starburst,
          minmay_misc_feat_room, kennysheep_generic_room_3

Skill      XL: |  1  2  3  4  5  6  7 |
---------------+----------------------+-----
Long Blades    | 3 4 7 8 |  8.9
Short Blades   | 1 |  1.1
Fighting       | |  3.2
Armour         | |  3.6
Shields        | |  3.6

Action                     |  1- 3 |  4- 6 |  7- 9 || total
---------------------------+-------+-------+-------++-------
  Melee: Long sword        |    70 |    81 |    41 ||   192
         Dagger            |       |       |    15 ||    15
    Use: Potion            |       |     1 |     2 ||     3
 Armour: Scale mail        |    51 |    74 |    39 ||   164
  Dodge: Dodged            |    30 |    43 |    39 ||   112
  Block: Buckler           |    19 |    34 |    18 ||    71

Table legend: (Time is in decaauts)
 A = Elapsed time spent in this place.
 B = Non-inter-level travel time spent in this place.
 C = Inter-level travel time spent in this place.
 D = Time resting spent in this place.
 E = Time spent auto-exploring this place.
 F = Levels seen in this place.
 G = Mean time per level.
                   A        B        C        D        E       F      G
               +--------+--------+--------+--------+--------+-----+--------+
         Total |   1362 |   1271 |     91 |      0 |    682 |   4 |  340.5 |
       Dungeon |   1362 |   1271 |     91 |      0 |    682 |   4 |  340.5 |
               +--------+--------+--------+--------+--------+-----+--------+

Top non-repeatable levels by time:
     D:2: 511 daAuts
     D:1: 440 daAuts
     D:3: 298 daAuts
     D:4: 110 daAuts
